 Dungeon Crawl Stone Soup version 0.22-a0-782-g038298e (webtiles) character file.

8 mopl the Vexing (level 2, -4/23 HPs)
             Began as a Gnoll Arcane Marksman on July 20, 2018.
             Slain by a kobold
             ... wielding a +0 short sword
              (5 damage)
             ... on level 1 of the Dungeon.
             The game lasted 00:00:51 (451 turns).

mopl the Vexing (Gnoll Arcane Marksman)              Turns: 451, Time: 00:00:52

Health: -4/23      AC:  2    Str: 12    XL:     2   Next: 8%
Magic:  5/5        EV: 14    Int: 15    God:
Gold:   0          SH:  0    Dex: 15    Spells: 5/6 levels left

rFire    . . .     SeeInvis .   d - -3 spear (curse)
rCold    . . .     Gourm    .   (no shield)
rNeg     . . .     Faith    .   e - +0 robe
rPois    .         Spirit   .   (no helmet)
rElec    .         Reflect  .   (no cloak)
rCorr    .         Harm     .   (no gloves)
MR       .....                  (no boots)
Stlth    +.........             (no amulet)
HPRegen  0.07/turn              (no ring)
MPRegen  0.09/turn              (no ring)

@: no status effects
A: distributed training, fangs 1, strong nose
a: no special abilities


You were on level 1 of the Dungeon.
You were not hungry.

You visited 1 branch of the dungeon, and saw 2 of its levels.

Inventory:

Hand Weapons
 a - a +0 shortbow
 c - a +0 hunting sling
 d - a cursed -3 spear (weapon)
Armour
 e - a +0 robe (worn)
Scrolls
 b - a scroll of remove curse {unknown}
Comestibles
 f - 2 rations


   Skills:
 + Level 2.4 Fighting
 + Level 0.2 Short Blades
 + Level 0.2 Long Blades
 + Level 0.2 Axes
 + Level 0.2 Maces & Flails
 + Level 0.2 Polearms
 + Level 0.2 Staves
 + Level 0.2 Slings
 + Level 4.4 Bows
 + Level 0.2 Crossbows
 + Level 0.2 Throwing
 + Level 0.2 Armour
 + Level 4.4 Dodging
 + Level 0.2 Stealth
 + Level 0.2 Shields
 + Level 0.2 Unarmed Combat
 + Level 2.6 Spellcasting
 + Level 0.1 Conjurations
 + Level 5.3 Hexes
 + Level 0.1 Charms
 + Level 0.1 Summonings
 + Level 0.1 Necromancy
 + Level 0.1 Translocations
 + Level 0.1 Transmutations
 + Level 0.1 Fire Magic
 + Level 0.1 Ice Magic
 + Level 0.1 Air Magic
 + Level 0.1 Earth Magic
 + Level 0.1 Poison Magic
 + Level 0.3 Invocations
 + Level 0.2 Evocations


You had 5 spell levels left.
You knew the following spells:

 Your Spells              Type           Power        Failure   Level  Hunger
a - Corona                Hex            ###....      2%          1    #......

Your spell library contained the following spells:

 Spells                   Type           Power        Failure   Level  Hunger
 Cause Fear               Hex            ###.......   22%         4    #####..
 Slow                     Hex            ###.....     3%          2    ##.....
 Portal Projectile        Hex/Tloc       ##....       21%         3    ###....
 Leda's Liquefaction      Hex/Erth       ##........   54%         4    #####..
 Inner Flame              Hex/Fire       ##......     21%         3    ###....


Dungeon Overview and Level Annotations

Branches:
Dungeon (2/15)

Altars:


Innate Abilities, Weirdness & Mutations

Your experience applies equally to all skills.
You have very sharp teeth.
Your uncanny sense of smell can sniff out nearby items.


Message History

The kobold is severely wounded.
The kobold hits you.
You hit the kobold.
You kill the kobold!
You hit the kobold but do no damage. The kobold hits you with a short sword.
You are too injured to fight recklessly!
You are too injured to fight recklessly!
You are too injured to fight recklessly!
You barely miss the kobold. The kobold completely misses you.
You hit the kobold but do no damage. Your bite misses the kobold.
The kobold hits you with a short sword.
You hit the kobold but do no damage. The kobold hits you but does no damage.
The kobold barely misses you.
You hit the kobold but do no damage. The kobold completely misses you.
You hit the kobold but do no damage. The kobold hits you with a short sword.
* * * LOW HITPOINT WARNING * * *
You closely miss the kobold. Your bite misses the kobold.
The kobold misses you.
You barely miss the kobold. The kobold hits you with a short sword.
You die...

#### ##########..#
#...........# ##...........#
######## #.........#..#
#....#.###...#........#######
#....+.#.....#.###..#.#......
#....#.#...#@#.# #..#.#......
#....#.....#K#.###..#.#......
#<...'.....>..........'......
#....#.......#.######.#...##.
#....#..................####.
#....+................#(# #.
#....#........#.......#.# #.
########+#......#####.#.# ##
#............#(# #


You could see a kobold.

Vanquished Creatures
  2 giant cockroaches
  A goblin (D:1)
  2 kobolds (D:1)
  A bat (D:1)
  A rat (D:1)
7 creatures vanquished.

Notes
Turn   | Place    | Note
-------+----------+-------------------------------------------
     0 | D:1      | mopl the Gnoll Arcane Marksman began the quest for the Orb.
     0 | D:1      | Reached XP level 1. HP: 17/17 MP: 4/4
   145 | D:2      | Reached XP level 2. HP: 3/23 MP: 5/5
   449 | D:1      | HP: 1/23 [kobold/short sword (6)]
   451 | D:1      | Slain by a kobold

Vault maps used:
D:1:      lemuel_arrival_behind_the_door_small
D:2:      first_ration, minmay_misc_feat_more_columns, minmay_gold_behind_fungi

Action                   || total
-------------------------++-------
Melee: Spear             ||    27
 Fire: Shortbow          ||    21
Armor: Robe              ||     3
Dodge: Dodged            ||    43

Table legend:
 A = Spawn XP
 B = Non-spawn XP
 C = Spawn XP percentage of total XP
 D = Spawn monster count
 E = Non-spawn monster count
 F = Spawn count percentage of total count
 G = Total turns spent on level
                    A         B        C        D         E        F      G
               +---------+---------+-------+---------+---------+-------+---------
         Total |       0 |      12 |   0.0 |       0 |       7 |   0.0 |   451
               +---------+---------+-------+---------+---------+-------+---------
           D:1 |       0 |      10 |   0.0 |       0 |       6 |   0.0 |   157
           D:2 |       0 |       2 |   0.0 |       0 |       1 |   0.0 |   294
               +---------+---------+-------+---------+---------+-------+---------
